 Dungeon Crawl Stone Soup version 0.28-a0-503-g83f2989fac (webtiles) character file.

Game seed: 10961963293921036857

1197 serber55 the Distorting Demonspawn (level 8, -6/68 HPs)
             Began as a Demonspawn Abyssal Knight on Sept 21, 2021.
             Was a Believer of Lugonu.
             Mangled by an ogre (32 damage)
             ... on level 5 of the Dungeon.
             The game lasted 00:14:42 (6252 turns).

serber55 the Distorting Demonspawn (DsAK)           Turns: 6252, Time: 00:14:43

Health: -6/68      AC: 11    Str: 20    XL:     8   Next: 20%
Magic:  13/13      EV: 12    Int: 17    God:    Lugonu [**....]
Gold:   88         SH:  0    Dex: 13    Spells: 7/7 levels left

rFire   . . .      SeeInvis +   a - +5 spear
rCold   . . .      Faith    .   (no shield)
rNeg    . . .      Spirit   .   b - +1 leather armour
rPois   +          Reflect  .   h - +2 helmet {SInv}
rElec   .          Harm     .   f - +0 cloak
rCorr   .          Rampage  .   (no gloves)
Will    .....                   (no boots)
Stlth   +.........              (no amulet)
HPRegen 0.21/turn               g - ring of Unatuf {rPois Str+3}
MPRegen 0.13/turn               s - +6 ring of intelligence

@: no status effects
A: rugged brown scales 3, foul stench 1
a: Renounce Religion, Depart the Abyss, Bend Space


You were on level 5 of the Dungeon.
You worshipped Lugonu.
Lugonu was pleased with you.
You visited 1 branch of the dungeon, and saw 7 of its levels.
You visited the Abyss 1 time.

You collected 207 gold pieces.
You spent 119 gold pieces at shops.

Inventory:

Hand Weapons
 a - a +5 spear (weapon)
Missiles
 j - 8 boomerangs (quivered)
 p - a throwing net
Armour
 b - a +1 leather armour (worn)
 f - a +0 cloak (worn)
 h - a +2 helmet of see invisible (worn)
Jewellery
 g - the ring of Unatuf (left hand) {rPois Str+3}
   (You acquired it on level 4 of the Dungeon)

   [ring of poison resistance]

   Str:       It affects your strength (+3).
   rPois:     It protects you from poison.
 i - a ring of see invisible
 s - a +6 ring of intelligence (right hand)
Wands
 m - a wand of polymorph (9)
 o - a wand of mindburst (6)
Scrolls
 c - 3 scrolls of teleportation
 d - a scroll of magic mapping
 e - a scroll of holy word
 q - a scroll of noise {unknown}
 r - a scroll of fear {unknown}
Potions
 k - 2 potions of brilliance
 l - a potion of degeneration {unknown}
 n - 3 potions of curing


   Skills:
 + Level 5.7 Fighting
 + Level 4.8 Polearms
 - Level 3.0 Armour
 + Level 3.6 Dodging
 + Level 6.8 Invocations


You had 7 spell levels left.
You didn't know any spells.
Your spell library contained the following spells:

 Spells                   Type           Power      Damage    Failure   Level
 Sandblast                Erth           0%         2d4       26%         1
 Ensorcelled Hibernation  Hex/Ice        0%         N/A       38%         2
 Spider Form              Tmut/Pois      0%         N/A       63%         3
 Animate Armour           Summ/Erth      0%         N/A       95%         4
 Blade Hands              Tmut           0%         N/A       100%        5
 Iron Shot                Conj/Erth      0%         9d1       100%        6


Dungeon Overview and Level Annotations

Branches:
Dungeon (7/15)
 Temple: D:4-7

Altars:
Kikubaaqudgha

Shops:
D:2 ?   D:3 ?


Innate Abilities, Weirdness & Mutations

You are completely covered in rugged brown scales. (AC +3, +7% HP)
You may rarely emit foul miasma when damaged in melee.


Message History

The iguana barely misses you.
You hit the iguana.
You kill the iguana!
Lugonu accepts your kill.
No target in view!
HP restored.
You see here a +0 leather armour.
You open the door.
There is an open door here.
An ogre comes into view. It is wielding a +0 giant spiked club.
The ogre shouts!
You reach to attack!
You hit the ogre.
The ogre is lightly wounded.
You barely miss the ogre.
The ogre is lightly wounded.
You puncture the ogre!
The ogre is heavily wounded.
The ogre hits you with a +0 giant spiked club!
You hit the ogre.
The ogre is heavily wounded.
The ogre hits you with a +0 giant spiked club!!
You are too injured to fight recklessly!
You are too injured to fight recklessly!
There is an open door here.
You are too injured to fight recklessly!
Reach: a) +5 spear
Press: ? - help, Dir - move target, f/p - ogre
Aim: an ogre, wielding a +0 giant spiked club (moderately wounded, about 20% to evade your +5 spear)
Okay, then.
Aiming: Mindburst
Press: ? - help, Shift-Dir - straight line, f/p - ogre
Aim: an ogre, wielding a +0 giant spiked club (moderately wounded, chance to affect: 65%)
The ogre's mind is blasted!
Reach: a) +5 spear
Press: ? - help, Dir - move target, f/p - ogre
Aim: an ogre, wielding a +0 giant spiked club (almost dead, about 20% to evade your +5 spear)
You hit the ogre.
The ogre is almost dead.
The ogre hits you with a +0 giant spiked club!!
You die...

#.#.#.#.#.##.#
#####..###..#.##.# # #.....##
##.#.##.######## #.#.##.##
##............# #.#.###>##
##......######.# #........#
#.......# ###.#####.#...#.####
#.# #.## #[# .# ####.#### ##
#@# #.# ........# ##O## ###.#
.###.##.# ##...## ##.#[# .#
#.##.# ##.....####....### .#
#....# #.......##.......#
.####...####.................#
...........+.................#
.####...####.........##......#
........# ##.......###..#.#.#


You could see an ogre.

Vanquished Creatures
  Sigmund (D:5)
  Edmund (D:4)
  A necrophage (D:5)
  An ogre (D:5)
  A phantom (D:5)
  Blork the orc (D:4)
  2 scorpions (D:4)
  A bullfrog (D:7)
  A crimson imp (D:4)
  A gnoll shaman (D:5)
  A hound (D:4)
  Crazy Yiuf (D:4)
  Terence (D:2)
  2 iguanas
  An orc wizard (D:5)
  A hound skeleton (D:4)
  Robin (D:4)
  4 adders
  5 gnolls (D:5)
  2 white imps
  A worm (D:2)
  2 dart slugs
  7 orcs
  4 bats
  8 endoplasms
  2 giant cockroaches
  14 goblins
  11 hobgoblins
  4 jackals (D:1)
  2 quokkas
  6 ball pythons
  2 frilled lizards
  6 kobolds
  2 rats
101 creatures vanquished.

Vanquished Creatures (others)
  2 starspawn tentacles (Abyss:1)
2 creatures vanquished.

Grand Total: 103 creatures vanquished

Notes
Turn   | Place    | Note
-------+----------+-------------------------------------------
     0 | Abyss:1  | serber55 the Demonspawn Abyssal Knight began the quest for
                  | the Orb.
     0 | Abyss:1  | Reached XP level 1. HP: 18/18 MP: 2/2
     8 | Abyss:1  | Found a corrupted altar of Lugonu.
   180 | Abyss:1  | Noticed a tentacled starspawn
   193 | D:1      | Escaped the Abyss
   308 | D:1      | Found a faded altar of an unknown god.
   312 | D:1      | Got Plato's Tome of Stones
   360 | D:1      | Gained mutation: You are partially covered in rugged brown
                  | scales. (AC +1, +3% HP) [demonic ancestry]
   360 | D:1      | Reached XP level 2. HP: 11/24 MP: 4/4
   959 | D:1      | Reached * piety under Lugonu
   964 | D:1      | Reached skill level 3 in Invocations
  1483 | D:2      | Noticed Terence
  1691 | D:2      | Gained mutation: You are mostly covered in rugged brown
                  | scales. (AC +2, +5% HP) [demonic ancestry]
  1691 | D:2      | Reached XP level 3. HP: 19/30 MP: 5/5
  1767 | D:2      | Killed Terence
  2219 | D:2      | Found Jiwugip's Magic Scroll Shop.
  2223 | D:2      | Bought a scroll of identify for 20 gold pieces
  2223 | D:2      | Bought a scroll of teleportation for 30 gold pieces
  2223 | D:2      | Bought a scroll of identify for 20 gold pieces
  2479 | D:2      | Gained mutation: You are completely covered in rugged brown
                  | scales. (AC +3, +7% HP) [demonic ancestry]
  2479 | D:2      | Reached XP level 4. HP: 30/37 MP: 6/6
  3017 | D:3      | Found Vuequypo's Magic Scroll Emporium.
  3481 | D:3      | Bought a scroll of magic mapping for 49 gold pieces
  3499 | D:4      | Noticed Robin
  3544 | D:4      | Noticed a scorpion
  3649 | D:4      | Reached skill level 4 in Invocations
  3649 | D:4      | Gained mutation: You may rarely emit foul miasma when
                  | damaged in melee. [demonic ancestry]
  3649 | D:4      | Reached XP level 5. HP: 35/44 MP: 6/8
  3844 | D:4      | Killed Robin
  3844 | D:4      | Reached ** piety under Lugonu
  3845 | D:4      | Reached skill level 1 in Dodging
  4137 | D:4      | Noticed Edmund
  4157 | D:4      | Killed Edmund
  4158 | D:4      | Reached XP level 6. HP: 27/52 MP: 9/9
  4368 | D:4      | Noticed Blork the orc
  4386 | D:4      | Killed Blork the orc
  4387 | D:4      | Reached skill level 5 in Invocations
  4576 | D:4      | Identified a scroll of acquirement
  4577 | D:4      | Acquired the ring of Unatuf {rPois Str+3}
  4723 | D:4      | Reached XP level 7. HP: 58/58 MP: 10/10
  5042 | D:4      | Found a runed translucent door.
  5043 | D:4      | Noticed Crazy Yiuf
  5049 | D:4      | Killed Crazy Yiuf
  5134 | D:5      | Entered Level 5 of the Dungeon
  5441 | D:5      | Reached skill level 5 in Fighting
  5485 | D:5      | Reached skill level 6 in Invocations
  5963 | D:5      | Noticed Sigmund
  5966 | D:5      | Killed Sigmund
  5967 | D:5      | Reached XP level 8. HP: 67/67 MP: 12/12
  6007 | D:5      | You fall into a shaft and drop 2 floors!
  6033 | D:7      | Found an ancient bone altar of Kikubaaqudgha.
  6252 | D:5      | Mangled by an ogre

Illustrated notes

Levels and vault maps discovered:
D:1:      roderic_octagonal_star, layout_basic,
          shapermc_ecumenical_altar_rom_forum, serial_forest,
          infiniplex_forest_corner_2, infiniplex_forest_straight_3,
          infiniplex_forest_lined_room_, infiniplex_forest_end_2,
          infiniplex_forest_lined_2, infiniplex_forest_end_2,
          infiniplex_forest_lined_2, infiniplex_forest_pool
D:2:      layout_basic, serial_shops, nicolae_diamond_shop,
          chequers_decorated_corner, uniq_terence
D:3:      wander_river, layout_basic, serial_shops, nicolae_square_shop
D:4:      layout_basic, minmay_fire_ice_demons, uniq_crazy_yiuf_cottage,
          uniq_blork_the_orc, uniq_edmund, uniq_robin
D:5:      layout_loops_corners, uniq_sigmund
D:6:      lemuel_ratsnest, layout_basic, gammafunk_temple_overflow_forgotten,
          grunt_temple_overflow_open, minmay_temple_entry_ruins, uniq_eustachio,
          uniq_maggie
D:7:      layout_layer_cave, marbit_many_paths, mainiacjoe_overflow_brackets

Skill      XL: |  1  2  3  4  5  6  7 |
---------------+----------------------+-----
Polearms       | 2 3 4 |  4.8
Armour         | 2 3 |  3.0
Invocations    | 3 4 5 6 |  6.8
Fighting       | 4 5 |  5.7
Dodging        | 1 2 3 |  3.6

Action                   |  1- 3 |  4- 6 |  7- 9 || total
-------------------------+-------+-------+-------++-------
Melee: Spear             |   152 |   192 |    89 ||   433
Throw: Boomerang         |       |     2 |     3 ||     5
Invok: Depart the Abyss  |     1 |       |       ||     1
Evoke: Wand              |       |       |     8 ||     8
  Use: Scroll            |     3 |     7 |     2 ||    12
       Potion            |     1 |       |       ||     1
 Stab: Sleeping          |     2 |       |       ||     2
Armor: Leather armour    |    31 |    67 |    19 ||   117
       Skin              |     1 |       |     1 ||     2
Dodge: Dodged            |    75 |    84 |    29 ||   188

Table legend: (Time is in decaauts)
 A = Elapsed time spent in this place.
 B = Non-inter-level travel time spent in this place.
 C = Inter-level travel time spent in this place.
 D = Time resting spent in this place.
 E = Time spent auto-exploring this place.
 F = Levels seen in this place.
 G = Mean time per level.
                   A        B        C        D        E       F      G
               +--------+--------+--------+--------+--------+-----+--------+
         Total |   6247 |   5948 |    299 |   1357 |   3671 |   8 |  780.9 |
       Dungeon |   6054 |   5755 |    299 |   1357 |   3509 |   7 |  864.9 |
         Abyss |    193 |    193 |      0 |      0 |    162 |   1 |  193.0 |
               +--------+--------+--------+--------+--------+-----+--------+

Top non-repeatable levels by time:
     D:4: 1516 daAuts
     D:1: 1511 daAuts
     D:3: 1067 daAuts
     D:5: 980 daAuts
     D:2: 849 daAuts
 Abyss:1: 193 daAuts
     D:6: 76 daAuts
     D:7: 52 daAuts
